 Dungeon Sprint DCSS version 0.27.1-34-g3ba077fa99 (webtiles) character file.

Game seed: 88486449515328254

2016 Arum the Protected (level 9, -3/82 HPs)
             Began as a Formicid Fighter on Jan 15, 2022.
             Was a Priest of Okawaru.
             Slain by a boulder beetle (25 damage)
             ... in the Dungeon (Sprint IX: "|||||||||||||||||||||||||||||").
             The game lasted 00:02:00 (698 turns).

Arum the Protected (Formicid Fighter)                Turns: 698, Time: 00:02:01

Health: -3/82      AC: 13    Str: 27    XL:     9   Next: 46%
Magic:  9/12       EV: 14    Int:  8    God:    Okawaru [***...]
Gold:   0          SH: 14    Dex: 10    Spells: 8/8 levels left

rFire    . . .     SeeInvis +   j - +4 quarterstaff (speed)
rCold    . . .     Faith    .   c - +0 kite shield
rNeg     . . .     Spirit   .   k - +1 scale mail
rPois    .         Reflect  .   (helmet unavailable)
rElec    .         Harm     .   (no cloak)
rCorr    .         Rampage  .   a - +0 pair of gloves
Will     .....                  (no boots)
Stlth    +.........             (no amulet)
HPRegen  0.23/turn              m - +3 ring of strength
MPRegen  0.13/turn              l - +2 ring of evasion

@: heroic
A: permanent stasis, dig shafts and tunnels, antennae 3, four strong arms
a: Dig, Renounce Religion, Heroism


You were in the Dungeon.
You worshipped Okawaru.
Okawaru was most pleased with you.
You visited 1 branch

Inventory:

Hand Weapons
 j - a +4 quarterstaff of speed (weapon)
Armour
 a - a +0 pair of gloves (worn)
 c - a +0 kite shield (worn)
 k - a +1 scale mail (worn)
Jewellery
 l - a +2 ring of evasion (right hand)
 m - a +3 ring of strength (left hand)
Wands
 i - a wand of iceblast (9)
Scrolls
 h - 2 scrolls of amnesia
Potions
 d - a potion of invisibility
 e - 2 potions of curing
 g - 4 potions of magic


   Skills:
 + Level 12.1(17.1) Fighting
 + Level 10.9(15.9) Staves
 + Level 12.2(17.2) Armour
 - Level 9.0(14.0) Shields
 + Level 4.5 Invocations


You had 8 spell levels left.
You didn't know any spells.
Your spell library was empty.

Dungeon Overview and Level Annotations

Branches:
Dungeon (1/1)

Altars:
Cheibriados
Dithmenos
Elyvilon
Fedhas
Gozag
Hepliaklqana
Kikubaaqudgha
Makhleb
Nemelex Xobeh
Okawaru
Qazlal
Ru
Sif Muna
Trog
Uskayaw
Vehumet
Wu Jian
Xom
Yredelemnul
Zin
The Shining One
Beogh
Jiyva
Lugonu


Innate Abilities, Weirdness & Mutations

You cannot be hasted, slowed, berserked, paralysed or teleported.
You can dig through walls and to a lower floor.
You have a pair of large antennae on your head. (SInv)
Your four strong arms can wield two-handed weapons with a shield.


Message History

The golden eye blinks at you. You resist with some effort.
The golden eye blinks!
The tengu conjurer gestures wildly while chanting.
The tengu conjurer conjures a globe of magical energy!
A battlesphere comes into view.
You barely miss the slime creature. You thump the slime creature!
The slime creature is lightly wounded.
You hit the slime creature.
The slime creature is moderately wounded.
The slime creature barely misses you.
You sock the slime creature!
The slime creature is moderately wounded.
You barely miss the slime creature.
The slime creature is moderately wounded.
The boulder beetle waves its antennae.
The boulder beetle curls into a ball and begins rolling!
The slime creature hits you!
Your scale mail prevents you from hitting the slime creature.
The slime creature is moderately wounded.
The golden eye blinks at you.
You are confused.
You're too confused to move!
The slime creature closely misses you.
You bump into the unnaturally hard rock wall.
The boulder beetle completely misses you.
The boulder beetle stops rolling and uncurls.
The slime creature hits you!
You bump into the unnaturally hard rock wall.
The boulder beetle bites you!
* * * LOW HITPOINT WARNING * * *
The slime creature hits you!
* * * LOW HITPOINT WARNING * * *
The golden eye blinks!
You feel better. The boulder beetle barely misses you.
The slime creature barely misses you.
You hit the boulder beetle.
The boulder beetle is moderately wounded.
The boulder beetle bites you!!
You die...

▓.▓
{
▓.▓
{
▓[▓
▓)▓
▓.▓
▓)▓
▓.▓
▓B▓{
▓@▓
▓J▓
▓)▓
▓*▓
▓x▓
▓Q▓
▓.▓
▓G▓
▓.▓


You could see a boulder beetle, a slime creature, an unseen horror (invisible),
a tengu conjurer, a battlesphere and a golden eye shaped shifter.

Vanquished Creatures
  2 two-headed ogres (D)
  A wraith (D)
  A yak (D)
  A vampire mosquito (D)
  A black bear (D)
  An ice beast (D)
  A centaur (D)
  An orc priest (D)
  An iguana (D)
  A bat (D)
  A bat zombie (D)
  A giant cockroach (D)
  A goblin (D)
  A hobgoblin (D)
  A kobold (D)
  A jackal zombie (D)
17 creatures vanquished.

Notes
Turn   | Place    | Note
-------+----------+-------------------------------------------
     0 | D        | Arum the Formicid Fighter began the quest for the Orb.
     0 | D        | Reached XP level 1. HP: 18/18 MP: 1/1
    15 | D        | Reached XP level 2. HP: 19/25 MP: 2/2
    89 | D        | Noticed a black bear
    89 | D        | Noticed an ice beast
    89 | D        | Noticed a centaur
    94 | D        | Killed a black bear
    95 | D        | Reached skill level 5 in Fighting
    95 | D        | Reached skill level 5 in Armour
    95 | D        | Reached XP level 3. HP: 34/34 MP: 3/3
    95 | D        | Reached XP level 4. HP: 40/40 MP: 4/4
    95 | D        | Reached XP level 5. HP: 46/46 MP: 5/5
   102 | D        | Reached skill level 5 in Staves
   107 | D        | Killed an ice beast
   108 | D        | Reached XP level 6. HP: 17/55 MP: 6/6
   337 | D        | Found a snail-covered altar of Cheibriados.
   337 | D        | Found a shadowy altar of Dithmenos.
   337 | D        | Found a white marble altar of Elyvilon.
   337 | D        | Found a blossoming altar of Fedhas.
   337 | D        | Found an opulent altar of Gozag.
   338 | D        | Found a hazy altar of Hepliaklqana.
   339 | D        | Found a viscous altar of Jiyva.
   340 | D        | Found an ancient bone altar of Kikubaaqudgha.
   341 | D        | Found a corrupted altar of Lugonu.
   342 | D        | Found a burning altar of Makhleb.
   343 | D        | Found a sparkling altar of Nemelex Xobeh.
   344 | D        | Found an iron altar of Okawaru.
   345 | D        | Found a stormy altar of Qazlal.
   346 | D        | Found a sacrificial altar of Ru.
   347 | D        | Found a shimmering blue altar of Sif Muna.
   348 | D        | Found a bloodstained altar of Trog.
   349 | D        | Found a hide-covered altar of Uskayaw.
   350 | D        | Found a radiant altar of Vehumet.
   351 | D        | Found an ornate altar of the Wu Jian Council.
   352 | D        | Became a worshipper of Warmaster Okawaru
   353 | D        | Found a shimmering altar of Xom.
   354 | D        | Found a basalt altar of Yredelemnul.
   355 | D        | Found a glowing silver altar of Zin.
   356 | D        | Found a glowing golden altar of the Shining One.
   425 | D        | Noticed a yak
   425 | D        | Noticed a two-headed ogre
   425 | D        | Noticed a wraith
   425 | D        | Noticed a vampire mosquito
   432 | D        | Killed a yak
   432 | D        | Reached * piety under Okawaru
   433 | D        | Reached XP level 7. HP: 44/63 MP: 7/7
   443 | D        | Killed a two-headed ogre
   443 | D        | Reached ** piety under Okawaru
   444 | D        | Reached skill level 10 in Fighting
   444 | D        | Reached XP level 8. HP: 43/74 MP: 5/8
   448 | D        | Killed a wraith
   448 | D        | Reached *** piety under Okawaru
   449 | D        | Reached skill level 10 in Staves
   460 | D        | Reached XP level 9. HP: 38/81 MP: 6/9
   665 | D        | Noticed a two-headed ogre
   665 | D        | Noticed a slime creature
   665 | D        | Noticed a boulder beetle
   665 | D        | Noticed a tengu conjurer
   665 | D        | Noticed an unseen horror
   673 | D        | Killed a two-headed ogre
   684 | D        | HP: 1/82 [boulder beetle (21)]
   698 | D        | Slain by a boulder beetle

Illustrated notes

Levels and vault maps discovered:
D:        linesprint [early_d, line_temple, items_1, d_10, items_2, lair_1,
          lair_end, items_3, orc_1, orc_end, items_4, d_15, swamp_1, shoals_1,
          snake_1, spider_1, d_20, vaults_1, items_5, swamp_end, shoals_end,
          snake_end, spider_end, vaults_end, d_27, items_6, zot_1, zot_end,
          crypt_end, forest_end, elf_end, slime_end, tomb_end, abyss_end,
          pan_hell_end]

Skill      XL: |  1  2  3  4  5  6  7  8  9 |
---------------+----------------------------+-----
Shields        | 4 6 7 9 |  9.0
Fighting       | 5 7 8 10 11 12 | 12.1
Staves         | 4 6 7 9 10 | 10.9
Armour         | 5 7 8 11 12 | 12.2
Invocations    | 4 |  4.5

Action                   |  1- 3 |  4- 6 |  7- 9 || total
-------------------------+-------+-------+-------++-------
Melee: Quarterstaff      |    15 |    23 |    44 ||    82
Invok: Heroism           |       |       |     3 ||     3
Evoke: Wand              |       |       |     1 ||     1
  Use: Potion            |     1 |       |     6 ||     7
Armor: Scale mail        |     9 |     5 |       ||    14
Dodge: Dodged            |     7 |     4 |    24 ||    35
Block: Kite shield       |     6 |    10 |    11 ||    27
